 Dungeon Crawl Stone Soup version 0.28.0-53-g5a82cb258f (webtiles) character file.

Game seed: 476234485649346789

1163 styxcanada the Covert (level 8, 0/40 HPs)
             Began as a Spriggan Brigand on June 24, 2022.
             Was an Initiate of Gozag.
             Slain by an orc warrior
             ... wielding a +0 flail
              (14 damage)
             ... on level 6 of the Dungeon.
             The game lasted 00:28:27 (6932 turns).

styxcanada the Covert (Spriggan Brigand)            Turns: 6932, Time: 00:28:28

Health: 0/40       AC:  4    Str:  7    XL:     8   Next: 17%
Magic:  12/12      EV: 20    Int: 12    God:    Gozag
Gold:   331        SH:  0    Dex: 19    Spells: 10/11 levels left

rFire   . . .      SeeInvis +   a - +3 dagger
rCold   . . .      Faith    .   (no shield)
rNeg    . . .      Spirit   .   b - +0 robe
rPois   .          Reflect  .   n - +1 hat
rElec   .          Harm     .   c - +0 cloak
rCorr   .          Rampage  .   (gloves unavailable)
Will    +....                   (boots unavailable)
Stlth   +++++.....              (no amulet)
HPRegen 0.13/turn               (no ring)
MPRegen 0.13/turn               (no ring)

@: mighty, gold aura, very quick
A: very small, no large weapons, unfitting armour, see invisible, speed 3
a: Renounce Religion, Potion Petition, Call Merchant, Bribe Branch


You were on level 6 of the Dungeon.
You worshipped Gozag.
Gozag was aware of your devotion.
You visited 2 branches of the dungeon, and saw 7 of its levels.

You collected 430 gold pieces.
You paid 99 gold pieces to Gozag.

Inventory:

Hand Weapons
 a - a +3 dagger (weapon)
 i - a +0 hunting sling
Missiles
 d - 5 poisoned darts (quivered)
 e - 2 curare-tipped darts
 o - 72 stones
 q - 5 boomerangs
 r - 23 sling bullets
 w - a throwing net
Armour
 b - a +0 robe (worn)
 c - a +0 cloak (worn)
 n - a +1 hat (worn)
Wands
 j - a wand of flame (19)
 s - a wand of paralysis (5)
Scrolls
 f - 2 scrolls of fog
 p - 2 scrolls of immolation
 u - a scroll of amnesia
 v - a scroll of fear
 y - a scroll of teleportation
Potions
 g - 6 potions of haste
 h - a potion of flight
 k - 2 potions of might
 l - 3 potions of brilliance
 m - a potion of heal wounds
 t - a potion of resistance
 x - a potion of cancellation {unknown}
 z - a potion of curing {unknown}


   Skills:
 * Level 3.0 Fighting
 + Level 3.8 Short Blades
 + Level 4.1 Throwing
 * Level 5.3 Dodging
 * Level 10.6 Stealth
 * Level 2.1 Spellcasting
 * Level 1.2 Conjurations
 * Level 2.3 Evocations


You had 10 spell levels left.
You knew the following spells:

 Your Spells              Type           Power      Damage    Failure   Level
a - Magic Dart            Conj           16%        1d3       16%         1

Your spell library contained the following spells:

 Spells                   Type           Power      Damage    Failure   Level
 Call Imp                 Summ           1%         N/A       38%         2
 Mephitic Cloud           Conj/Pois/Air  2%         N/A       56%         3


Dungeon Overview and Level Annotations

Branches:
Dungeon (6/15)             Temple (1/1) D:5

Altars:
Gozag
Kikubaaqudgha
Vehumet
Xom
The Shining One


Innate Abilities, Weirdness & Mutations

You are very small and have problems with some larger weapons.
You are too small for most types of armour.
You have supernaturally acute eyesight. (SInv)
You cover ground extremely quickly. (Speed+++)


Message History

Aim: a wight, wielding a +0 great sword and wearing a +1 robe of fire resistance (moderately damaged, 71% to hit)
The puff of flame hits the wight.
The wight resists.
The wight is heavily damaged.
Really walk into that teleport trap?
You enter a teleport trap!
The teleport trap disappears.
Your surroundings suddenly seem different.
The orc misses you. The wight misses you.
Things that are here:
6 gold pieces; a +2 short sword; a +0 robe You feel much better.
The orc misses you. The wight misses you.
You feel very mighty all of a sudden. The orc closely misses you.
The wight hits you with a +4 battleaxe!
You puncture the orc!
You kill the orc!
The orc wizard is distracted by your dazzling golden aura.
The wight is distracted by your dazzling golden aura.
The orc wizard shouts!
You hit the wight.
The wight is heavily damaged.
The wight is no longer distracted by gold.
The orc wizard is no longer distracted by gold.
The orc warrior is distracted by your dazzling golden aura.
The wight hits you with a +4 battleaxe.
You hit the wight.
The wight is almost destroyed.
The orc warrior is no longer distracted by gold.
The wight misses you.
You hit the wight but do no damage.
The wight is almost destroyed.
The wight misses you. The wight closely misses you.
You hit the wight.
You destroy the wight!
The wight misses you.
Your Fighting skill increases to level 3!
You puncture the orc warrior!
The orc warrior is heavily wounded.
A wight comes into view. It is wielding a +2 dire flail.
The orc warrior hits you with a +0 flail!
You die...
Your body crumbles into a pile of gold.

######## #....Z.. ##Y######
#.......# ###############
#..####.#
#.....$.zo@zYo#####..####.#
#.###########....z(..o...o.
#.# #...#######.z####.# #.#
#.............###.# #.#
#...........)z##... #.#
##..#########.......
#.######...## ##z##...
#(....#.#...## #####.....#
#######..#.....#
#.....###..


You could see an orc warrior, an ice beast, 3 wights and an orc wizard
(invisible).

Vanquished Creatures
  A water moccasin (D:6)
  Duvessa (D:4)
  An ogre (D:5)
  A centaur (D:5)
  Dowan (D:4)
  2 water moccasin skeletons (D:5)
  2 wights (D:6)
  A centaur zombie (D:5)
  2 hounds
  A bullfrog zombie (D:6)
  An orc priest (D:3)
  2 gnoll shamans
  Terence (D:2)
  An iguana (D:5)
  2 orc wizards
  6 gnolls
  A howler monkey skeleton (D:5)
  7 adders
  A river rat (D:3)
  A white imp (D:5)
  An ufetubus (D:3)
  An adder skeleton (D:4)
  3 worms
  3 dart slugs
  9 orcs
  4 endoplasms
  3 giant cockroaches
  7 goblins
  3 hobgoblins
  2 jackals (D:1)
  6 kobolds
  4 quokkas
  10 ball pythons
  8 bats
  4 frilled lizards
  9 rats
113 creatures vanquished.

Vanquished Creatures (others)
  5 fungi (D:3)
  7 plants (D:3)
12 creatures vanquished.

Grand Total: 125 creatures vanquished

Notes
Turn   | Place    | Note
-------+----------+-------------------------------------------
     0 | D:1      | styxcanada the Spriggan Brigand began the quest for the
                  | Orb.
     0 | D:1      | Reached XP level 1. HP: 10/10 MP: 2/2
    29 | D:1      | Reached skill level 6 in Stealth
   121 | D:1      | Reached XP level 2. HP: 3/14 MP: 3/3
  1007 | D:2      | Noticed Terence
  1134 | D:2      | Reached XP level 3. HP: 18/18 MP: 4/4
  1543 | D:2      | Killed Terence
  1544 | D:2      | Reached skill level 7 in Stealth
  1906 | D:2      | Reached XP level 4. HP: 23/23 MP: 5/5
  3197 | D:3      | Found a faded altar of an unknown god.
  3212 | D:3      | Reached XP level 5. HP: 26/26 MP: 6/6
  3283 | D:3      | Reached skill level 8 in Stealth
  4060 | D:4      | Noticed Duvessa
  4084 | D:4      | Noticed Dowan
  4088 | D:4      | Killed Duvessa
  4089 | D:4      | Reached skill level 9 in Stealth
  4089 | D:4      | Reached XP level 6. HP: 27/30 MP: 7/7
  4119 | D:4      | Killed Dowan
  4423 | D:4      | Identified the +0 tower shield "Mafa" {rC+ Dex+3}
  5245 | D:5      | Entered Level 5 of the Dungeon
  5274 | D:5      | Found a staircase to the Ecumenical Temple.
  5331 | D:5      | Reached XP level 7. HP: 29/35 MP: 8/8
  5342 | D:5      | Learned a level 1 spell: Magic Dart
  5708 | D:5      | Reached skill level 1 in Evocations
  5744 | D:5      | Reached skill level 10 in Stealth
  5744 | D:5      | Reached skill level 1 in Spellcasting
  6087 | Temple   | Entered the Ecumenical Temple
  6198 | Temple   | Became a worshipper of Gozag Ym Sagoz the Greedy
  6544 | D:6      | Reached skill level 5 in Dodging
  6544 | D:6      | Reached skill level 1 in Conjurations
  6599 | D:6      | Reached XP level 8. HP: 14/39 MP: 11/11
  6932 | D:6      | Slain by an orc warrior

Illustrated notes

Levels and vault maps discovered:
D:1:      wander_arrival_estate, layout_rooms
D:2:      minmay_inner_zag, layout_basic, serial_corexii_hall,
          corexii_hall_statues_i, corexii_hall_statues_t, minivault_23,
          uniq_terence
D:3:      layout_loops_ring, lightli_sewer_entry_pipes,
          shapermc_ecumenical_altar_mp_urbaneastern
D:4:      layout_basic, uniq_duvessa
D:5:      layout_cave_pools, minmay_temple_entry_water_ring,
          kennysheep_generic_room_5
D:6:      cheibrodos_barr_body, layout_loops_ring, uniq_prince_ribbit1,
          uniq_eustachio, uniq_menkaure
Temple:   mainiacjoe_temple_big_plus

Skill      XL: |  1  2  3  4  5  6  7  8 |
---------------+-------------------------+-----
Stealth        | 6 7 9 10 | 10.6
Dodging        | 2 3 4 5 |  5.3
Fighting       | 2 3 |  3.0
Short Blades   | 3 |  3.8
Throwing       | 3 4 |  4.1
Evocations     | 2 |  2.3
Spellcasting   | 1 2 |  2.1
Conjurations   | 1 |  1.2

Action                   |  1- 3 |  4- 6 |  7- 9 || total
-------------------------+-------+-------+-------++-------
Melee: Dagger            |    79 |   205 |   119 ||   403
       Punch             |       |     6 |     3 ||     9
Throw: Dart              |    19 |    72 |    23 ||   114
 Cast: Magic Dart        |       |       |    10 ||    10
Evoke: Wand              |       |       |     9 ||     9
  Use: Scroll            |     5 |     9 |     1 ||    15
       Potion            |       |       |     3 ||     3
 Stab: Sleeping          |    12 |    20 |     4 ||    36
       Paralysed         |       |       |     1 ||     1
Armor: Robe              |    23 |    29 |    12 ||    64
Dodge: Dodged            |    59 |   146 |    91 ||   296
